National vs Patriotes
Created - 17 décembre 2013 at 19:19
Goals
|
| National |
1 |
2 |
3 |
6 |
| Patriotes |
2 |
1 |
5 |
8 |
|
Shots
|
| National |
9 |
7 |
13 |
29 |
| Patriotes |
13 |
12 |
11 |
36 |
|
1st period
1. Patriotes , Fedor Fedorov 7 (Andrew Gordon, Joey MacDonald) at 16:59 (PP)
2. Patriotes , Andreas Nodl 19 (Tomas Kurka, Zenon Konopka) at 17:05
3. National , Guillaume Desbiens 13 (Pasi Salonen, Jonathan Bernier) at 19:26
Penalties :
William Colbert (Que) for Slashing (Minor) at 16:19
2nd period
4. National , William Colbert 2 (Pasi Salonen, Dean McAmmond) at 1:31
5. National , Nick Schultz 4 (Rico Fata, Jan Hejda) at 7:11 (PP)
6. Patriotes , Christian Hanson 4 (Andrew Gordon, Fedor Fedorov) at 13:27 (PP)
Penalties :
A.J Thelen (Nyc) for Holding (Minor) at 0:17, Rico Fata (Que) for Tripping (Minor) at 0:17, Andrew Gordon (Nyc) for Tripping (Minor) at 7:01, Ben Maxwell (Que) for Roughing (Minor) at 12:37, Dustin Kohn (Que) for Tripping (Minor) at 15:19, Tomas Kurka (Nyc) for Roughing (Minor) at 19:20
3rd period
7. Patriotes , T.J Galiardi 10 (Cory Emmerton) at 3:22
8. National , Rico Fata 20 (Jan Hejda, Nick Schultz) at 3:59
9. Patriotes , Fedor Fedorov 8 (Christian Hanson, Andrew Gordon) at 4:23
10. Patriotes , Tomas Kurka 11 (Andreas Nodl, Zenon Konopka) at 4:27
11. Patriotes , Andrew Gordon 13 (Christian Hanson) at 5:00
12. Patriotes , Andrew Gordon 14 (Fedor Fedorov) at 9:59 (PP)
13. National , Nick Schultz 5 (Jan Hejda, Pat Dwyer) at 13:47
14. National , Dean McAmmond 21 (William Colbert, Jordan Eberle) at 16:23
Penalties :
Jan Hejda (Que) for Goalie Interference (Minor) at 9:33, Nigel Williams (Nyc) for Interference (Minor) at 11:35, Nick Schultz (Que) for Holding Stick (Minor) at 11:35, William Colbert (Que) for Hooking (Minor) at 13:53, T.J Galiardi (Nyc) for Tripping (Minor) at 16:41
Goalie Stats
Jonathan Bernier (Que), 23 saves from 29 shots - (0,793), 44:27 minutes
Trevor Cann (Que), 5 saves from 7 shots - (0,714), L, 4-8-2, 15:33 minutes
Joey MacDonald (Nyc), 23 saves from 29 shots - (0,793), W, 7-6-2, 60:00 minutes
Players Stats for National
Player Name G A P +/- PIM S H SB GA TA FO MP PP MP PK MP
------------------------------------------------------------------------------------
Ben Maxwell 0 0 0 2 2 0 0 0 1 0 0/2 9:14 0:00 0:09
Cédric Lalonde-McNicoll 0 0 0 -2 0 1 0 0 0 2 2/8 13:51 1:36 0:00
Dean McAmmond 1 1 2 -1 0 4 1 2 1 0 29/46 25:03 2:32 3:44
Denis Bodrov 0 0 0 2 0 1 0 0 0 0 0/0 20:08 1:08 2:10
Dustin Kohn 0 0 0 0 2 0 0 1 0 0 0/0 12:55 0:00 0:00
Guillaume Desbiens 1 0 1 -2 0 4 4 0 1 0 1/1 13:59 1:36 0:00
Igor Makarov 0 0 0 1 0 3 1 1 0 0 0/0 9:06 0:00 0:00
Jan Hejda 0 3 3 -2 2 1 1 1 0 0 0/0 28:51 3:00 3:44
Johannes Salmonsson 0 0 0 3 0 0 0 0 0 0 1/1 12:10 0:03 0:50
Jordan Eberle 0 1 1 -1 0 3 2 0 0 0 0/1 25:00 2:32 3:41
Matt Donovan 0 0 0 2 0 0 0 1 0 0 0/0 13:03 0:00 1:02
Nick Schultz 2 1 3 -2 2 5 0 1 1 1 0/0 27:17 3:00 3:44
Pasi Salonen 0 2 2 -1 0 0 0 0 1 0 0/0 16:14 1:36 1:14
Pat Dwyer 0 1 1 0 0 2 2 0 0 0 0/0 9:37 0:00 0:56
Philip DeSimone 0 0 0 0 0 1 1 0 0 0 2/2 7:19 0:00 0:00
Rico Fata 1 1 2 -2 2 2 1 0 0 0 2/3 19:51 2:29 1:14
Stefan Della Rovere 0 0 0 0 0 0 1 0 0 0 0/0 7:19 0:00 0:00
William Colbert 1 1 2 2 4 2 1 1 1 1 0/0 19:04 1:08 1:08
Players Stats for Patriotes
Player Name G A P +/- PIM S H SB GA TA FO MP PP MP PK MP
------------------------------------------------------------------------------------
A.J Thelen 0 0 0 1 2 2 3 1 0 1 0/0 28:21 3:30 2:42
Andreas Nodl 1 1 2 0 0 8 1 0 0 0 3/5 20:49 3:34 0:31
Andrew Gordon 2 3 5 0 2 5 2 1 1 2 0/0 16:47 2:20 0:31
Brock Trotter 0 0 0 -1 0 0 2 0 0 0 0/1 10:03 0:00 1:53
Christian Hanson 1 2 3 1 0 1 0 0 0 0 7/9 15:36 2:20 0:55
Cory Emmerton 0 1 1 0 0 2 0 0 0 1 0/1 10:44 0:00 0:00
Davis Drewiske 0 0 0 0 0 2 2 3 0 2 0/0 29:47 3:30 2:42
Fedor Fedorov 2 2 4 0 0 3 1 1 0 0 0/0 15:46 2:20 0:32
James Wright 0 0 0 0 0 1 3 0 0 0 0/2 7:23 0:00 0:13
Joe Charlebois 0 0 0 1 0 2 3 1 0 0 0/0 18:42 1:51 1:26
Lauri Tukonen 0 0 0 0 0 0 0 2 0 0 0/0 9:56 0:00 0:00
Nigel Williams 0 0 0 -2 2 0 1 1 0 0 0/0 11:28 0:33 0:00
Philip Larsen 0 0 0 -2 0 1 2 3 0 0 0/0 13:06 0:33 0:00
Ryan Wilson 0 0 0 1 0 1 2 5 0 0 0/0 18:25 1:51 1:26
T.J Galiardi 1 0 1 0 2 1 1 0 2 0 1/2 10:51 0:00 0:00
Tomas Kubalik 0 0 0 0 0 1 0 0 0 0 0/0 7:09 0:00 0:00
Tomas Kurka 1 1 2 1 2 5 2 0 0 0 4/10 22:50 3:34 1:13
Zenon Konopka 0 2 2 1 0 1 4 2 1 0 12/34 24:06 3:34 2:28
3 Stars
1 - Andrew Gordon (Nyc)
2 - Fedor Fedorov (Nyc)
3 - Christian Hanson (Nyc)
Power Play
National - 1 on 3 Attempt(s) - 33,33%
Patriotes - 3 on 5 Attempt(s) - 60,00%
Penalty Kill
National - 2 on 5 Attempt(s) - 40,00%
- Score 0 goal in Penalty Kill
Patriotes - 2 on 3 Attempt(s) - 66,67%
- Score 0 goal in Penalty Kill
Official
Referees : McCreary Bill and Sutherland Kelly
Linesman : Thor Nelson and Bryan Pancich
Game Notes
Trevor Cann enters game at 4:27 of 3rd period
Finance
Level 1 -- Attendance: 1384 (69,20%) -- Ticket Income 48 440 $
Level 2 -- Attendance: 721 (72,10%) -- Ticket Income 10 815 $
Total Attendance: 2105 (70,17%)
Total Ticket Income: 59 255 $
Other Income: 2 963 $
Total Income: 62 218 $
National
5 vs 5 Forward
Center Left Wing Right Wing Time % Phy DF OF
1 Dean McAmmond Rico Fata Jordan Eberle 40 0 2 3
2 Cédric Lalonde-McNicoll Pasi Salonen Guillaume Desbiens 30 0 2 3
3 Ben Maxwell Johannes Salmonsson Igor Makarov 20 0 3 2
4 Philip DeSimone Stefan Della Rovere Pat Dwyer 10 1 2 2
5 vs 5 Defense
Defense Defense Time % Phy DF OF
1 Nick Schultz Jan Hejda 40 1 2 2
2 William Colbert Denis Bodrov 30 1 2 2
3 Dustin Kohn Matt Donovan 20 1 2 2
4 Nick Schultz Jan Hejda 10 1 2 2
PowerPlay Forward
Center Left Wing Right Wing Time % Phy DF OF
1 Dean McAmmond Rico Fata Jordan Eberle 60 0 1 4
2 Cédric Lalonde-McNicoll Pasi Salonen Guillaume Desbiens 40 0 1 4
PowerPlay Defense
Defense Defense Time % Phy DF OF
1 Nick Schultz Jan Hejda 60 0 2 3
2 William Colbert Denis Bodrov 40 0 2 3
Penalty Kill 4 Players Forward
Center Wing Time % Phy DF OF
1 Dean McAmmond Jordan Eberle 60 0 4 1
2 Rico Fata Pasi Salonen 40 0 4 1
Penalty Kill 4 Players Defense
Defense Defense Time % Phy DF OF
1 Nick Schultz Jan Hejda 60 0 4 1
2 William Colbert Denis Bodrov 40 0 4 1
Penalty Kill - 3 Players Forward
Forward Time % Phy DF OF
1 Dean McAmmond 60 0 4 1
2 Jordan Eberle 40 0 4 1
Penalty Kill - 3 Players Defense
Defense Defense Time % Phy DF OF
1 Nick Schultz Jan Hejda 60 0 4 1
2 William Colbert Denis Bodrov 40 0 4 1
4 vs 4 Forward
Center Wing Time % Phy DF OF
1 Dean McAmmond Jordan Eberle 60 0 2 3
2 Rico Fata Pasi Salonen 40 0 2 3
4 vs 4 Defense
Defense Defense Time % Phy DF OF
1 Nick Schultz Jan Hejda 60 1 2 2
2 William Colbert Denis Bodrov 40 1 2 2
Last Minutes Offensive
Center Left Wing Right Wing Defense Defense
Dean McAmmond Rico Fata Jordan Eberle Nick Schultz Jan Hejda
Last Minutes Defensive
Center Left Wing Right Wing Defense Defense
Dean McAmmond Rico Fata Jordan Eberle Nick Schultz Jan Hejda
Goaltenders
Starting : Jonathan Bernier
Backup : Trevor Cann
Extra Forwards
Normal : Johannes Salmonsson, Jordan Eberle, Pat Dwyer - PP : Johannes Salmonsson, Jordan Eberle - PK : Pat Dwyer
Extra Defensemen
Normal : Dustin Kohn, Matt Donovan, William Colbert - PP : Dustin Kohn - PK : Matt Donovan, William Colbert
Penalty Shots
Dean McAmmond, Jordan Eberle, Rico Fata, Pasi Salonen, Guillaume Desbiens
Patriotes
5 vs 5 Forward
Center Left Wing Right Wing Time % Phy DF OF
1 Zenon Konopka Tomas Kurka Andreas Nodl 40 1 2 2
2 Christian Hanson Fedor Fedorov Andrew Gordon 30 1 2 2
3 Cory Emmerton T.J Galiardi Lauri Tukonen 20 1 2 2
4 James Wright Brock Trotter Tomas Kubalik 10 1 2 2
5 vs 5 Defense
Defense Defense Time % Phy DF OF
1 A.J Thelen Davis Drewiske 40 1 2 2
2 Ryan Wilson Joe Charlebois 30 1 2 2
3 Philip Larsen Nigel Williams 20 1 2 2
4 A.J Thelen Davis Drewiske 10 1 2 2
PowerPlay Forward
Center Left Wing Right Wing Time % Phy DF OF
1 Zenon Konopka Tomas Kurka Andreas Nodl 60 1 2 2
2 Christian Hanson Fedor Fedorov Andrew Gordon 40 1 2 2
PowerPlay Defense
Defense Defense Time % Phy DF OF
1 A.J Thelen Davis Drewiske 60 1 2 2
2 Ryan Wilson Joe Charlebois 40 1 2 2
Penalty Kill 4 Players Forward
Center Wing Time % Phy DF OF
1 Tomas Kurka Zenon Konopka 60 1 2 2
2 Andreas Nodl Andrew Gordon 40 1 2 2
Penalty Kill 4 Players Defense
Defense Defense Time % Phy DF OF
1 A.J Thelen Davis Drewiske 60 1 2 2
2 Ryan Wilson Joe Charlebois 40 1 2 2
Penalty Kill - 3 Players Forward
Forward Time % Phy DF OF
1 Tomas Kurka 60 1 2 2
2 Zenon Konopka 40 1 2 2
Penalty Kill - 3 Players Defense
Defense Defense Time % Phy DF OF
1 A.J Thelen Davis Drewiske 60 1 2 2
2 Ryan Wilson Joe Charlebois 40 1 2 2
4 vs 4 Forward
Center Wing Time % Phy DF OF
1 Tomas Kurka Zenon Konopka 60 1 2 2
2 Andreas Nodl Andrew Gordon 40 1 2 2
4 vs 4 Defense
Defense Defense Time % Phy DF OF
1 A.J Thelen Davis Drewiske 60 1 2 2
2 Ryan Wilson Joe Charlebois 40 1 2 2
Last Minutes Offensive
Center Left Wing Right Wing Defense Defense
Zenon Konopka Tomas Kurka Andreas Nodl A.J Thelen Davis Drewiske
Last Minutes Defensive
Center Left Wing Right Wing Defense Defense
Zenon Konopka Tomas Kurka Andreas Nodl A.J Thelen Davis Drewiske
Goaltenders
Starting : Joey MacDonald
Backup : Jason Missiaen
Extra Forwards
Normal : Cory Emmerton, T.J Galiardi, Brock Trotter - PP : Cory Emmerton, T.J Galiardi - PK : Brock Trotter
Extra Defensemen
Normal : Philip Larsen, Nigel Williams, Ryan Wilson - PP : Philip Larsen - PK : Nigel Williams, Ryan Wilson
Penalty Shots
Tomas Kurka, Zenon Konopka, Andreas Nodl, Andrew Gordon, Fedor Fedorov
% Time on Ice - National
Lines # - Real PCT - Wanted PCT - Time Play
Normal Forward
1 - 38% - 40% - 17:18
2 - 27% - 30% - 12:31
3 - 19% - 20% - 8:52
4 - 16% - 10% - 7:19
Normal Defense
1 - 38% - 40% - 17:27
2 - 34% - 30% - 15:44
3 - 24% - 20% - 11:00
4 - 4% - 10% - 1:49
PP Forward
1 - 61% - 60% - 2:32
2 - 39% - 40% - 1:36
PP Defense
1 - 73% - 60% - 3:00
2 - 27% - 40% - 1:08
PK Forward
1 - 79% - 60% - 4:40
2 - 21% - 40% - 1:14
PK Defense
1 - 63% - 60% - 3:44
2 - 37% - 40% - 2:10
PK3 Forward
1 - 0% - 60%
2 - 0% - 40%
PK3 Defense
1 - 0% - 60%
2 - 0% - 40%
44 Forward
1 - 78% - 60% - 3:05
2 - 22% - 40% - 0:53
44 Defense
1 - 72% - 60% - 2:52
2 - 28% - 40% - 1:06
Last Minute Offensive - 0:00
Last Minute Defensive - 0:00
Total
Forward - 60:00
Defense - 60:00
|
% Time on Ice - Patriotes
Lines # - Real PCT - Wanted PCT - Time Play
Normal Forward
1 - 36% - 40% - 16:24
2 - 27% - 30% - 12:31
3 - 22% - 20% - 9:56
4 - 16% - 10% - 7:09
Normal Defense
1 - 41% - 40% - 18:43
2 - 31% - 30% - 14:12
3 - 23% - 20% - 10:24
4 - 6% - 10% - 2:41
PP Forward
1 - 60% - 60% - 3:34
2 - 40% - 40% - 2:20
PP Defense
1 - 69% - 60% - 4:03
2 - 31% - 40% - 1:51
PK Forward
1 - 88% - 60% - 3:37
2 - 13% - 40% - 0:31
PK Defense
1 - 65% - 60% - 2:42
2 - 35% - 40% - 1:26
PK3 Forward
1 - 0% - 60%
2 - 0% - 40%
PK3 Defense
1 - 0% - 60%
2 - 0% - 40%
44 Forward
1 - 78% - 60% - 3:06
2 - 22% - 40% - 0:52
44 Defense
1 - 76% - 60% - 3:01
2 - 24% - 40% - 0:57
Last Minute Offensive - 0:00
Last Minute Defensive - 0:00
Total
Forward - 60:00
Defense - 60:00
|
Play by Play
1st period
0:01 of 1st period - Dean McAmmond wins face-off versus Zenon Konopka in neutral zone.
0:07 of 1st period - Dean McAmmond is hit by Davis Drewiske and loses puck.
0:12 of 1st period - Wrist shot by Tomas Kurka.
0:12 of 1st period - Stopped by Jonathan Bernier with a rebound.
0:36 of 1st period - Snap shot by Rico Fata.
0:36 of 1st period - Shot Misses the Net.
0:38 of 1st period - Snap shot by Rico Fata.
0:38 of 1st period - Shot Blocked by Lauri Tukonen.
0:40 of 1st period - Slapshot by Nick Schultz.
0:40 of 1st period - Shot Blocked by Lauri Tukonen.
0:42 of 1st period - Wrist shot by Dean McAmmond.
0:42 of 1st period - Stopped by Joey MacDonald without a rebound.
0:43 of 1st period - Christian Hanson wins face-off versus Cédric Lalonde-McNicoll in Patriotes zone.
1:17 of 1st period - Snap shot by Igor Makarov.
1:17 of 1st period - Stopped by Joey MacDonald without a rebound.
1:18 of 1st period - Philip DeSimone wins face-off versus Zenon Konopka in Patriotes zone.
1:19 of 1st period - Snap shot by Pat Dwyer.
1:19 of 1st period - Shot Misses the Net.
1:33 of 1st period - Snap shot by Pat Dwyer.
1:33 of 1st period - Stopped by Joey MacDonald without a rebound.
1:34 of 1st period - Christian Hanson wins face-off versus Cédric Lalonde-McNicoll in Patriotes zone.
2:04 of 1st period - Slapshot by Dustin Kohn.
2:04 of 1st period - Shot Misses the Net.
2:06 of 1st period - Wrist shot by Igor Makarov.
2:06 of 1st period - Stopped by Joey MacDonald without a rebound.
2:07 of 1st period - Dean McAmmond wins face-off versus Cory Emmerton in Patriotes zone.
2:08 of 1st period - Snap shot by Rico Fata.
2:08 of 1st period - Shot Misses the Net.
2:10 of 1st period - Wrist shot by Rico Fata.
2:10 of 1st period - Stopped by Joey MacDonald without a rebound.
2:11 of 1st period - Rico Fata wins face-off versus T.J Galiardi in Patriotes zone.
3:04 of 1st period - Slapshot by Fedor Fedorov.
3:04 of 1st period - Stopped by Jonathan Bernier without a rebound.
3:05 of 1st period - Dean McAmmond wins face-off versus James Wright in National zone.
3:31 of 1st period - Tomas Kurka is hit by Pat Dwyer and loses puck.
3:36 of 1st period - Wrist shot by Pat Dwyer.
3:36 of 1st period - Shot Misses the Net.
3:52 of 1st period - Snap shot by Tomas Kurka.
3:52 of 1st period - Stopped by Jonathan Bernier with a rebound.
4:39 of 1st period - Wrist shot by Brock Trotter.
4:39 of 1st period - Deflect By Tomas Kubalik.
4:39 of 1st period - Shot Misses the Net.
4:39 of 1st period - Puck is out of play.
4:40 of 1st period - Dean McAmmond wins face-off versus Zenon Konopka in National zone.
4:40 of 1st period - Dean McAmmond is hit by Joe Charlebois.
4:50 of 1st period - Snap shot by Andreas Nodl.
4:50 of 1st period - Stopped by Jonathan Bernier without a rebound.
4:51 of 1st period - Guillaume Desbiens wins face-off versus Zenon Konopka in National zone.
4:51 of 1st period - Guillaume Desbiens is hit by A.J Thelen.
5:03 of 1st period - Wrist shot by Guillaume Desbiens.
5:03 of 1st period - Stopped by Joey MacDonald with a rebound.
5:19 of 1st period - Snap shot by Andrew Gordon.
5:19 of 1st period - Shot Hit the Post.
5:21 of 1st period - Slapshot by Davis Drewiske.
5:21 of 1st period - Stopped by Jonathan Bernier without a rebound.
5:22 of 1st period - Dean McAmmond wins face-off versus Christian Hanson in National zone.
5:51 of 1st period - Snap shot by Igor Makarov.
5:51 of 1st period - Stopped by Joey MacDonald without a rebound.
5:52 of 1st period - Dean McAmmond wins face-off versus Zenon Konopka in Patriotes zone.
6:41 of 1st period - Snap shot by Brock Trotter.
6:41 of 1st period - Shot Blocked by Jan Hejda.
6:43 of 1st period - Snap shot by James Wright.
6:43 of 1st period - Stopped by Jonathan Bernier with a rebound.
6:45 of 1st period - Slapshot by Davis Drewiske.
6:45 of 1st period - Stopped by Jonathan Bernier without a rebound.
6:46 of 1st period - Dean McAmmond wins face-off versus Tomas Kurka in National zone.
7:36 of 1st period - Slapshot by Cory Emmerton.
7:36 of 1st period - Shot Blocked by Dustin Kohn.
7:46 of 1st period - Lauri Tukonen is hit by Guillaume Desbiens and loses puck.
8:17 of 1st period - Slapshot by A.J Thelen.
8:17 of 1st period - Shot Blocked by Matt Donovan.
9:02 of 1st period - Snap shot by Cory Emmerton.
9:02 of 1st period - Stopped by Jonathan Bernier without a rebound.
9:03 of 1st period - Zenon Konopka wins face-off versus Dean McAmmond in National zone.
9:04 of 1st period - Snap shot by Andreas Nodl.
9:04 of 1st period - Stopped by Jonathan Bernier with a rebound.
9:30 of 1st period - Johannes Salmonsson is hit by Ryan Wilson and loses puck.
9:41 of 1st period - Wrist shot by Igor Makarov.
9:41 of 1st period - Shot Blocked by Ryan Wilson.
9:57 of 1st period - Snap shot by Brock Trotter.
9:57 of 1st period - Shot Misses the Net.
9:59 of 1st period - Slapshot by Joe Charlebois.
9:59 of 1st period - Stopped by Jonathan Bernier with a rebound.
11:02 of 1st period - Ben Maxwell is hit by Joe Charlebois and loses puck.
11:19 of 1st period - Nigel Williams is hit by Philip DeSimone and loses puck.
11:26 of 1st period - Stefan Della Rovere is hit by Fedor Fedorov.
13:28 of 1st period - Andrew Gordon is hit by Pat Dwyer and loses puck.
14:13 of 1st period - Icing by Zenon Konopka.
14:14 of 1st period - Rico Fata wins face-off versus Zenon Konopka in Patriotes zone.
14:19 of 1st period - Wrist shot by Jordan Eberle.
14:19 of 1st period - Shot Blocked by Joe Charlebois.
14:33 of 1st period - Rico Fata is hit by James Wright and loses puck.
15:06 of 1st period - Dustin Kohn is hit by Ryan Wilson and loses puck.
15:11 of 1st period - Snap shot by Cory Emmerton.
15:11 of 1st period - Shot Blocked by Igor Makarov.
15:29 of 1st period - Wrist shot by Pat Dwyer.
15:29 of 1st period - Shot Blocked by Philip Larsen.
15:31 of 1st period - Wrist shot by Philip DeSimone.
15:31 of 1st period - Stopped by Joey MacDonald with a rebound.
15:35 of 1st period - Snap shot by Pat Dwyer.
15:35 of 1st period - Shot Misses the Net.
16:19 of 1st period - Minor Penalty to William Colbert for Slashing.
16:20 of 1st period - Dean McAmmond wins face-off versus Zenon Konopka in National zone.
16:59 of 1st period - Wrist shot by Fedor Fedorov.
16:59 of 1st period - Goal by Fedor Fedorov - National : 0 - Patriotes : 1.
17:00 of 1st period - Zenon Konopka wins face-off versus Dean McAmmond in neutral zone.
17:03 of 1st period - Snap shot by Andreas Nodl.
17:03 of 1st period - Stopped by Jonathan Bernier with a rebound.
17:05 of 1st period - Snap shot by Andreas Nodl.
17:05 of 1st period - Goal by Andreas Nodl - National : 0 - Patriotes : 2.
17:06 of 1st period - Dean McAmmond wins face-off versus Andreas Nodl in neutral zone.
17:38 of 1st period - Lauri Tukonen is hit by Guillaume Desbiens and loses puck.
18:29 of 1st period - Slapshot by Igor Makarov.
18:29 of 1st period - Shot Blocked by Ryan Wilson.
18:31 of 1st period - Snap shot by Igor Makarov.
18:31 of 1st period - Shot Misses the Net.
18:41 of 1st period - Jordan Eberle is hit by Brock Trotter and loses puck.
19:26 of 1st period - Wrist shot by Guillaume Desbiens.
19:26 of 1st period - Goal by Guillaume Desbiens - National : 1 - Patriotes : 2.
19:27 of 1st period - Zenon Konopka wins face-off versus Dean McAmmond in neutral zone.
2nd period
0:01 of 2nd period - Zenon Konopka wins face-off versus Dean McAmmond in neutral zone.
0:17 of 2nd period - Minor Penalty to A.J Thelen for Holding.
0:17 of 2nd period - Minor Penalty to Rico Fata for Tripping.
0:18 of 2nd period - Dean McAmmond wins face-off versus Tomas Kurka in Patriotes zone.
0:19 of 2nd period - Slapshot by Nick Schultz.
0:19 of 2nd period - Shot Misses the Net.
1:03 of 2nd period - Slapshot by Andreas Nodl.
1:03 of 2nd period - Shot Blocked by William Colbert.
1:05 of 2nd period - Backhand shot by Andrew Gordon.
1:05 of 2nd period - Stopped by Jonathan Bernier without a rebound.
1:06 of 2nd period - Dean McAmmond wins face-off versus Tomas Kurka in National zone.
1:31 of 2nd period - Snap shot by William Colbert.
1:31 of 2nd period - Goal by William Colbert - National : 2 - Patriotes : 2.
1:32 of 2nd period - Tomas Kurka wins face-off versus Dean McAmmond in neutral zone.
2:12 of 2nd period - Snap shot by Andrew Gordon.
2:12 of 2nd period - Shot Misses the Net.
2:14 of 2nd period - Slapshot by Philip Larsen.
2:14 of 2nd period - Deflect By William Colbert.
2:14 of 2nd period - Stopped by Jonathan Bernier without a rebound.
2:15 of 2nd period - Johannes Salmonsson wins face-off versus Andreas Nodl in National zone.
2:17 of 2nd period - Penalty to A.J Thelen is over, A.J Thelen is back on ice.
2:17 of 2nd period - Penalty to Rico Fata is over, Rico Fata is back on ice.
2:26 of 2nd period - Snap shot by Andrew Gordon.
2:26 of 2nd period - Stopped by Jonathan Bernier with a rebound.
2:28 of 2nd period - Slapshot by Joe Charlebois.
2:28 of 2nd period - Shot Misses the Net.
2:30 of 2nd period - Snap shot by A.J Thelen.
2:30 of 2nd period - Stopped by Jonathan Bernier with a rebound.
2:32 of 2nd period - Snap shot by Andrew Gordon.
2:32 of 2nd period - Stopped by Jonathan Bernier without a rebound.
2:33 of 2nd period - Zenon Konopka wins face-off versus Dean McAmmond in National zone.
2:45 of 2nd period - Off-side.
2:46 of 2nd period - Christian Hanson wins face-off versus Dean McAmmond in neutral zone.
3:20 of 2nd period - Slapshot by Andreas Nodl.
3:20 of 2nd period - Stopped by Jonathan Bernier without a rebound.
3:21 of 2nd period - Zenon Konopka wins face-off versus Dean McAmmond in National zone.
3:22 of 2nd period - Wrist shot by Andreas Nodl.
3:22 of 2nd period - Stopped by Jonathan Bernier with a rebound.
4:10 of 2nd period - Snap shot by Igor Makarov.
4:10 of 2nd period - Shot Hit the Post.
4:40 of 2nd period - Snap shot by Brock Trotter.
4:40 of 2nd period - Shot Misses the Net.
4:52 of 2nd period - Andreas Nodl is hit by Rico Fata and loses puck.
5:11 of 2nd period - Dustin Kohn is hit by Nigel Williams and loses puck.
5:17 of 2nd period - Off-side.
5:18 of 2nd period - Christian Hanson wins face-off versus Cédric Lalonde-McNicoll in neutral zone.
5:48 of 2nd period - Slapshot by A.J Thelen.
5:48 of 2nd period - Stopped by Jonathan Bernier without a rebound.
5:49 of 2nd period - Dean McAmmond wins face-off versus Zenon Konopka in National zone.
5:49 of 2nd period - Dean McAmmond is hit by A.J Thelen.
6:22 of 2nd period - Slapshot by Andrew Gordon.
6:22 of 2nd period - Shot Misses the Net.
7:01 of 2nd period - Minor Penalty to Andrew Gordon for Tripping.
7:02 of 2nd period - Tomas Kurka wins face-off versus Dean McAmmond in Patriotes zone.
7:11 of 2nd period - Slapshot by Nick Schultz.
7:11 of 2nd period - Goal by Nick Schultz - National : 3 - Patriotes : 2.
7:12 of 2nd period - Zenon Konopka wins face-off versus Dean McAmmond in neutral zone.
7:21 of 2nd period - Wrist shot by Tomas Kurka.
7:21 of 2nd period - Stopped by Jonathan Bernier with a rebound.
8:19 of 2nd period - Ben Maxwell is hit by Joe Charlebois and loses puck.
8:26 of 2nd period - Slapshot by Igor Makarov.
8:26 of 2nd period - Shot Blocked by Ryan Wilson.
8:44 of 2nd period - Snap shot by Igor Makarov.
8:44 of 2nd period - Shot Misses the Net.
9:06 of 2nd period - Davis Drewiske is hit by Guillaume Desbiens and loses puck.
10:03 of 2nd period - William Colbert is hit by Brock Trotter.
10:38 of 2nd period - Jordan Eberle is hit by Tomas Kurka.
11:20 of 2nd period - Slapshot by Jan Hejda.
11:20 of 2nd period - Shot Misses the Net.
11:52 of 2nd period - Slapshot by Guillaume Desbiens.
11:52 of 2nd period - Shot Misses the Net.
11:54 of 2nd period - Wrist shot by Nick Schultz.
11:54 of 2nd period - Deflect By Andrew Gordon.
11:54 of 2nd period - Stopped by Joey MacDonald without a rebound.
11:55 of 2nd period - Zenon Konopka wins face-off versus Ben Maxwell in Patriotes zone.
12:04 of 2nd period - Slapshot by Johannes Salmonsson.
12:04 of 2nd period - Shot Blocked by Nigel Williams.
12:06 of 2nd period - Slapshot by Matt Donovan.
12:06 of 2nd period - Shot Blocked by Zenon Konopka.
12:08 of 2nd period - Slapshot by Matt Donovan.
12:08 of 2nd period - Shot Misses the Net.
12:37 of 2nd period - Minor Penalty to Ben Maxwell for Roughing.
12:38 of 2nd period - Dean McAmmond wins face-off versus Zenon Konopka in National zone.
12:51 of 2nd period - Slapshot by Zenon Konopka.
12:51 of 2nd period - Stopped by Jonathan Bernier without a rebound.
12:52 of 2nd period - Dean McAmmond wins face-off versus Zenon Konopka in National zone.
12:52 of 2nd period - Dean McAmmond is hit by Zenon Konopka.
12:59 of 2nd period - Icing by Zenon Konopka.
13:00 of 2nd period - Zenon Konopka wins face-off versus Dean McAmmond in Patriotes zone.
13:27 of 2nd period - Snap shot by Christian Hanson.
13:27 of 2nd period - Goal by Christian Hanson - National : 3 - Patriotes : 3.
13:28 of 2nd period - Dean McAmmond wins face-off versus Zenon Konopka in neutral zone.
13:31 of 2nd period - Slapshot by Rico Fata.
13:31 of 2nd period - Shot Misses the Net.
13:41 of 2nd period - Slapshot by Andreas Nodl.
13:41 of 2nd period - Shot Blocked by Dean McAmmond.
14:02 of 2nd period - Slapshot by William Colbert.
14:02 of 2nd period - Stopped by Joey MacDonald with a rebound.
14:42 of 2nd period - Backhand shot by Tomas Kubalik.
14:42 of 2nd period - Stopped by Jonathan Bernier with a rebound.
15:06 of 2nd period - Wrist shot by Andreas Nodl.
15:06 of 2nd period - Shot Misses the Net.
15:19 of 2nd period - Minor Penalty to Dustin Kohn for Tripping.
15:20 of 2nd period - Dean McAmmond wins face-off versus Zenon Konopka in National zone.
15:52 of 2nd period - Rico Fata is hit by Andrew Gordon and loses puck.
16:29 of 2nd period - Joe Charlebois is hit by William Colbert and loses puck.
16:53 of 2nd period - Johannes Salmonsson is hit by Philip Larsen and loses puck.
17:19 of 2nd period - Penalty to Dustin Kohn is over, Dustin Kohn is back on ice.
17:24 of 2nd period - Denis Bodrov is hit by Davis Drewiske and loses puck.
17:57 of 2nd period - Icing by A.J Thelen.
17:58 of 2nd period - Cédric Lalonde-McNicoll wins face-off versus James Wright in Patriotes zone.
17:59 of 2nd period - Wrist shot by Pasi Salonen.
17:59 of 2nd period - Shot Blocked by Davis Drewiske.
18:01 of 2nd period - Slapshot by Cédric Lalonde-McNicoll.
18:01 of 2nd period - Stopped by Joey MacDonald without a rebound.
18:02 of 2nd period - Cédric Lalonde-McNicoll wins face-off versus Zenon Konopka in Patriotes zone.
18:16 of 2nd period - Dustin Kohn is hit by Zenon Konopka and loses puck.
18:27 of 2nd period - Dustin Kohn is hit by T.J Galiardi and loses puck.
18:42 of 2nd period - Snap shot by Nick Schultz.
18:42 of 2nd period - Shot Misses the Net.
18:44 of 2nd period - Slapshot by Guillaume Desbiens.
18:44 of 2nd period - Stopped by Joey MacDonald without a rebound.
18:45 of 2nd period - Dean McAmmond wins face-off versus Zenon Konopka in Patriotes zone.
18:46 of 2nd period - Wrist shot by Rico Fata.
18:46 of 2nd period - Shot Misses the Net.
19:20 of 2nd period - Minor Penalty to Tomas Kurka for Roughing.
19:21 of 2nd period - Dean McAmmond wins face-off versus Zenon Konopka in Patriotes zone.
19:36 of 2nd period - Wrist shot by Dean McAmmond.
19:36 of 2nd period - Shot Misses the Net.
19:44 of 2nd period - Rico Fata is hit by Zenon Konopka and loses puck.
19:55 of 2nd period - Slapshot by Nick Schultz.
19:55 of 2nd period - Shot Blocked by Davis Drewiske.
19:57 of 2nd period - Slapshot by Guillaume Desbiens.
19:57 of 2nd period - Stopped by Joey MacDonald without a rebound.
19:58 of 2nd period - Christian Hanson wins face-off versus Cédric Lalonde-McNicoll in Patriotes zone.
3rd period
0:01 of 3rd period - Dean McAmmond wins face-off versus Brock Trotter in neutral zone.
0:10 of 3rd period - Slapshot by Jan Hejda.
0:10 of 3rd period - Stopped by Joey MacDonald with a rebound.
0:12 of 3rd period - Snap shot by Jordan Eberle.
0:12 of 3rd period - Stopped by Joey MacDonald with a rebound.
0:14 of 3rd period - Snap shot by Nick Schultz.
0:14 of 3rd period - Shot Misses the Net.
0:38 of 3rd period - Brock Trotter is hit by Dean McAmmond and loses puck.
1:20 of 3rd period - Penalty to Tomas Kurka is over, Tomas Kurka is back on ice.
1:37 of 3rd period - Wrist shot by Cory Emmerton.
1:37 of 3rd period - Shot Misses the Net.
1:54 of 3rd period - Snap shot by Pat Dwyer.
1:54 of 3rd period - Shot Misses the Net.
2:49 of 3rd period - Slapshot by Jan Hejda.
2:49 of 3rd period - Deflect By Pat Dwyer.
2:49 of 3rd period - Shot Blocked by Ryan Wilson.
2:49 of 3rd period - Puck is out of play.
2:50 of 3rd period - Philip DeSimone wins face-off versus Christian Hanson in Patriotes zone.
2:55 of 3rd period - Snap shot by Pat Dwyer.
2:55 of 3rd period - Stopped by Joey MacDonald with a rebound.
2:57 of 3rd period - Slapshot by William Colbert.
2:57 of 3rd period - Shot Blocked by Philip Larsen.
2:59 of 3rd period - Slapshot by Denis Bodrov.
2:59 of 3rd period - Shot Blocked by Fedor Fedorov.
3:01 of 3rd period - Snap shot by Pat Dwyer.
3:01 of 3rd period - Shot Blocked by Philip Larsen.
3:22 of 3rd period - Slapshot by T.J Galiardi.
3:22 of 3rd period - Goal by T.J Galiardi - National : 3 - Patriotes : 4.
3:23 of 3rd period - Zenon Konopka wins face-off versus Dean McAmmond in neutral zone.
3:36 of 3rd period - Wrist shot by Tomas Kurka.
3:36 of 3rd period - Deflect By Jordan Eberle.
3:36 of 3rd period - Shot Misses the Net.
3:36 of 3rd period - Puck is out of play.
3:37 of 3rd period - Andreas Nodl wins face-off versus Jordan Eberle in National zone.
3:46 of 3rd period - Slapshot by Nick Schultz.
3:46 of 3rd period - Stopped by Joey MacDonald without a rebound.
3:47 of 3rd period - Zenon Konopka wins face-off versus Dean McAmmond in Patriotes zone.
3:59 of 3rd period - Slapshot by Rico Fata.
3:59 of 3rd period - Goal by Rico Fata - National : 4 - Patriotes : 4.
4:00 of 3rd period - Dean McAmmond wins face-off versus Zenon Konopka in neutral zone.
4:15 of 3rd period - Slapshot by Ryan Wilson.
4:15 of 3rd period - Deflect By Andreas Nodl.
4:15 of 3rd period - Stopped by Jonathan Bernier without a rebound.
4:16 of 3rd period - Christian Hanson wins face-off versus Cédric Lalonde-McNicoll in National zone.
4:21 of 3rd period - Wrist shot by Christian Hanson.
4:21 of 3rd period - Shot Misses the Net.
4:23 of 3rd period - Snap shot by Fedor Fedorov.
4:23 of 3rd period - Goal by Fedor Fedorov - National : 4 - Patriotes : 5.
4:24 of 3rd period - Zenon Konopka wins face-off versus Dean McAmmond in neutral zone.
4:27 of 3rd period - Wrist shot by Andreas Nodl.
4:27 of 3rd period - Deflect By Tomas Kurka.
4:27 of 3rd period - Goal by Tomas Kurka - National : 4 - Patriotes : 6.
4:27 of 3rd period - Trevor Cann enters game.
4:28 of 3rd period - Dean McAmmond wins face-off versus Zenon Konopka in neutral zone.
4:37 of 3rd period - Snap shot by Andreas Nodl.
4:37 of 3rd period - Shot Misses the Net.
4:39 of 3rd period - Wrist shot by Tomas Kurka.
4:39 of 3rd period - Shot Misses the Net.
4:41 of 3rd period - Snap shot by Andreas Nodl.
4:41 of 3rd period - Stopped by Trevor Cann with a rebound.
4:43 of 3rd period - Snap shot by A.J Thelen.
4:43 of 3rd period - Shot Blocked by Nick Schultz.
4:53 of 3rd period - Nick Schultz is hit by A.J Thelen and loses puck.
5:00 of 3rd period - Backhand shot by Andrew Gordon.
5:00 of 3rd period - Goal by Andrew Gordon - National : 4 - Patriotes : 7.
5:01 of 3rd period - Dean McAmmond wins face-off versus Zenon Konopka in neutral zone.
5:14 of 3rd period - Rico Fata is hit by Andreas Nodl and loses puck.
5:27 of 3rd period - Christian Hanson is hit by Guillaume Desbiens and loses puck.
5:55 of 3rd period - Lauri Tukonen is hit by Igor Makarov and loses puck.
6:20 of 3rd period - Tomas Kubalik is hit by Stefan Della Rovere.
7:39 of 3rd period - William Colbert is hit by James Wright and loses puck.
7:58 of 3rd period - Slapshot by Denis Bodrov.
7:58 of 3rd period - Stopped by Joey MacDonald without a rebound.
7:59 of 3rd period - Andreas Nodl wins face-off versus Dean McAmmond in Patriotes zone.
8:05 of 3rd period - Off-side.
8:06 of 3rd period - Tomas Kurka wins face-off versus Dean McAmmond in neutral zone.
8:06 of 3rd period - Zenon Konopka is hit by Jan Hejda and loses puck.
8:33 of 3rd period - Snap shot by Cédric Lalonde-McNicoll.
8:33 of 3rd period - Shot Blocked by Andrew Gordon.
8:41 of 3rd period - Slapshot by Fedor Fedorov.
8:41 of 3rd period - Shot Misses the Net.
8:55 of 3rd period - Nick Schultz is hit by Philip Larsen and loses puck.
9:33 of 3rd period - Minor Penalty to Jan Hejda for Goalie Interference.
9:34 of 3rd period - Dean McAmmond wins face-off versus Zenon Konopka in National zone.
9:59 of 3rd period - Wrist shot by Andrew Gordon.
9:59 of 3rd period - Goal by Andrew Gordon - National : 4 - Patriotes : 8.
10:00 of 3rd period - Dean McAmmond wins face-off versus Zenon Konopka in neutral zone.
10:05 of 3rd period - Snap shot by Jordan Eberle.
10:05 of 3rd period - Stopped by Joey MacDonald with a rebound.
10:15 of 3rd period - Andreas Nodl is hit by Jordan Eberle and loses puck.
11:00 of 3rd period - Wrist shot by William Colbert.
11:00 of 3rd period - Shot Blocked by Ryan Wilson.
11:16 of 3rd period - Slapshot by Brock Trotter.
11:16 of 3rd period - Shot Misses the Net.
11:35 of 3rd period - Minor Penalty to Nigel Williams for Interference.
11:35 of 3rd period - Minor Penalty to Nick Schultz for Holding Stick.
11:36 of 3rd period - Dean McAmmond wins face-off versus Tomas Kurka in neutral zone.
11:41 of 3rd period - Snap shot by Jan Hejda.
11:41 of 3rd period - Shot Blocked by Davis Drewiske.
11:45 of 3rd period - Slapshot by Dean McAmmond.
11:45 of 3rd period - Stopped by Joey MacDonald without a rebound.
11:46 of 3rd period - Tomas Kurka wins face-off versus Dean McAmmond in Patriotes zone.
11:46 of 3rd period - Tomas Kurka is hit by Jordan Eberle.
11:52 of 3rd period - Wrist shot by Tomas Kurka.
11:52 of 3rd period - Stopped by Trevor Cann with a rebound.
12:06 of 3rd period - Slapshot by Dean McAmmond.
12:06 of 3rd period - Shot Misses the Net.
12:08 of 3rd period - Slapshot by Dean McAmmond.
12:08 of 3rd period - Shot Misses the Net.
12:16 of 3rd period - Snap shot by Jordan Eberle.
12:16 of 3rd period - Stopped by Joey MacDonald with a rebound.
12:18 of 3rd period - Slapshot by Dean McAmmond.
12:18 of 3rd period - Shot Blocked by Zenon Konopka.
12:20 of 3rd period - Slapshot by Dustin Kohn.
12:20 of 3rd period - Shot Misses the Net.
12:22 of 3rd period - Wrist shot by Dean McAmmond.
12:22 of 3rd period - Stopped by Joey MacDonald with a rebound.
12:52 of 3rd period - Snap shot by Jordan Eberle.
12:52 of 3rd period - Deflect By A.J Thelen.
12:52 of 3rd period - Shot Hit the Post.
12:52 of 3rd period - Puck is out of play.
12:53 of 3rd period - Andreas Nodl wins face-off versus Rico Fata in Patriotes zone.
12:58 of 3rd period - Slapshot by Joe Charlebois.
12:58 of 3rd period - Deflect By Rico Fata.
12:58 of 3rd period - Stopped by Trevor Cann with a rebound.
13:35 of 3rd period - Penalty to Nigel Williams is over, Nigel Williams is back on ice.
13:35 of 3rd period - Penalty to Nick Schultz is over, Nick Schultz is back on ice.
13:47 of 3rd period - Snap shot by Nick Schultz.
13:47 of 3rd period - Goal by Nick Schultz - National : 5 - Patriotes : 8.
13:48 of 3rd period - Christian Hanson wins face-off versus Cédric Lalonde-McNicoll in neutral zone.
13:53 of 3rd period - Minor Penalty to William Colbert for Hooking.
13:54 of 3rd period - Dean McAmmond wins face-off versus Zenon Konopka in National zone.
14:30 of 3rd period - Rico Fata is hit by Tomas Kurka.
14:46 of 3rd period - Denis Bodrov is hit by Zenon Konopka.
15:18 of 3rd period - Nick Schultz is hit by Andrew Gordon and loses puck.
15:53 of 3rd period - Penalty to William Colbert is over, William Colbert is back on ice.
16:02 of 3rd period - William Colbert is hit by James Wright.
16:15 of 3rd period - Wrist shot by Tomas Kubalik.
16:15 of 3rd period - Shot Blocked by Dean McAmmond.
16:23 of 3rd period - Wrist shot by William Colbert.
16:23 of 3rd period - Deflect By Dean McAmmond.
16:23 of 3rd period - Goal by Dean McAmmond - National : 6 - Patriotes : 8.
16:24 of 3rd period - T.J Galiardi wins face-off versus Ben Maxwell in neutral zone.
16:30 of 3rd period - Slapshot by Cory Emmerton.
16:30 of 3rd period - Stopped by Trevor Cann with a rebound.
16:32 of 3rd period - Slapshot by Ryan Wilson.
16:32 of 3rd period - Stopped by Trevor Cann with a rebound.
16:41 of 3rd period - Minor Penalty to T.J Galiardi for Tripping.
16:42 of 3rd period - Dean McAmmond wins face-off versus Tomas Kurka in Patriotes zone.
16:43 of 3rd period - Snap shot by Nick Schultz.
16:43 of 3rd period - Deflect By Zenon Konopka.
16:43 of 3rd period - Stopped by Joey MacDonald without a rebound.
16:44 of 3rd period - Dean McAmmond wins face-off versus Zenon Konopka in Patriotes zone.
16:49 of 3rd period - Slapshot by Jordan Eberle.
16:49 of 3rd period - Deflect By Dean McAmmond.
16:49 of 3rd period - Shot Misses the Net.
16:49 of 3rd period - Puck is out of play.
16:50 of 3rd period - Dean McAmmond wins face-off versus Tomas Kurka in Patriotes zone.
18:41 of 3rd period - Penalty to T.J Galiardi is over, T.J Galiardi is back on ice.
19:02 of 3rd period - Slapshot by Dustin Kohn.
19:02 of 3rd period - Shot Blocked by A.J Thelen.
Output by the SimonT Hockey Simulator (STHS) for François Prévost -- Original Page W3C XHTML 1.0 Valid